[Event "*** Titled Tuesday Blitz"]
[Site "Chess.com"]
[Date "2018.08.07"]
[Round "4"]
[White "Micki-taryan"]
[Black "tteshan"]
[Result "1-0"]
[WhiteElo "2908"]
[BlackElo "2034"]
[TimeControl "180+2"]
[EndTime "13:48:25 PDT"]
[Termination "Micki-taryan won by resignation"]

1. b3 e5 2. Bb2 Nc6 3. e3 Nf6 4.
Ne2 d5 5. d4 e4 6. Nbc3 Bd6 7. Nb5 Bb4+ 8. c3 Be7 9. Ng3 a6 10.
Na3 Bg4 11. Be2 Bxe2 12. Qxe2 Qd7 13. Nc2 Qg4 14. Qxg4 Nxg4 15. Nf5 O-O 16. c4 dxc4 17. bxc4 g6 18. Nxe7+ Nxe7 19. f3 exf3 20. gxf3 Nf6 21. e4 Rad8 22. Kf2 Nc8 23. Ne3 c6 24. a4 Nd7 25. a5 f6 26. h4 Kf7 27. h5 Nd6 28. hxg6+ hxg6 29. Rh7+ Ke8 30. Ba3 Rf7 31. Rh8+ Nf8 32.
Rah1 Kd7 33. d5 cxd5 34. exd5 f5 35. c5 Nb5 36. Bb4 g5 37. Nc4 Re8 38. Rg8 g4 39. Rhh8 Rh7 40. c6+ bxc6 41. dxc6+ Kxc6 42. Bxf8 Rxh8 43.
Rxh8 gxf3 44. Rh6+ Kd5 45. Ne3+ Ke4 46. Rh4+ Kd3 47. Bc5 Re4 48. Rh6 Nc7 49. Kxf3 Ra4 50. Bb6 f4 51. Ng2 Nd5 52. Rd6 Kc4 53. Nxf4 Nxb6 54. axb6 Kc5 55. Rh6 Rb4 56. Nd3+ 1-0

[Event "*** Titled Tuesday Blitz"]
[Site "Chess.com"]
[Date "2018.08.07"]
[Round "4"]
[White "OK97"]
[Black "PaulfromSPb"]
[Result "1-0"]
[WhiteElo "2745"]
[BlackElo "2569"]
[TimeControl "180+2"]
[EndTime "13:48:26 PDT"]
[Termination "OK97 won by resignation"]

1. f4 g6 2. Nf3 Bg7 3. g3 d6 4.
e4 e5 5. d3 Nc6 6. Bg2 f5 7.
exf5 Bxf5 8. O-O exf4 9. gxf4 Nge7 10. c3 Qd7 11. Na3 O-O-O 12. Nc2 h6 13. Ne3 Be6 14.
d4 Nd5 15. Nxd5 Bxd5 16. Be3 g5 17. Kh1 Rdf8 18. Qd2 gxf4 19. Bg1 Rhg8 20. b3 Bh8 21. c4 Be4 22. Rae1 d5 23. b4 Qf5 24. b5 Nd8 25.
cxd5 Qxd5 26. Qf2 Kb8 27. Rc1 Nf7 28. Rc5 Qd7 29. Re1 Nd6 30. Re5 Bxe5 31. dxe5 Rxg2 32. Qxg2 Qxb5 33. exd6 Qc6 34. dxc7+ Kxc7 35. Qg7+ Qd7 36. Qxd7+ Kxd7 37. Rxe4 Kd6 1-0

[Event "*** Titled Tuesday Blitz"]
[Site "Chess.com"]
[Date "2018.08.07"]
[Round "4"]
[White "NikolaGry"]
[Black "gkchesstiger"]
[Result "0-1"]
[WhiteElo "2521"]
[BlackElo "2772"]
[TimeControl "180+2"]
[EndTime "13:48:44 PDT"]
[Termination "gkchesstiger won on time"]

1. Nf3 Nf6 2. d4 g6 3. c4 Bg7 4. c5 O-O 5. Nc3 d6 6. cxd6 exd6 7. e3 d5 8. Be2 c6 9. O-O a5 10. a3 Re8 11. Bd2 Bf8 12. Rb1 Nbd7 13. b4 axb4 14. axb4 b5 15. Qb3 Nb6 16. Ne5 Nc4 17.
Bxc4 bxc4 18. Qb2 Bf5 19. Ra1 Qb6 20. Na4 Qb5 21. Nc5 Ne4 22. Nxe4 Bxe4 23. Rxa8 Rxa8 24.
Ra1 Ra4 25. Nd7 Qa6 26. Rxa4 Qxa4 27. f3 Qd1+ 28. Kf2 Bc2 29. Qc3 Be7 30. Ne5 Kg7 31. Nxc6 Bh4+ 32. g3 Qh1 33. gxh4 Qxh2+ 34. Ke1 Bd3 35. Kd1 Qh1+ 36. Be1 Qxf3+ 37. Kc1 Qxe3+ 38. Bd2 Qg1+ 39. Be1 Qh2 40. b5 Qa2 0-1

[Event "*** Titled Tuesday Blitz"]
[Site "Chess.com"]
[Date "2018.08.07"]
[Round "4"]
[White "orrbaverlekszarnyon"]
[Black "Passacaglia23"]
[Result "0-1"]
[WhiteElo "2300"]
[BlackElo "2273"]
[TimeControl "180+2"]
[EndTime "13:48:44 PDT"]
[Termination "Passacaglia23 won by resignation"]

1. e4 c6 2. d4 d5 3. exd5 cxd5 4. c4 Nf6 5. Nc3 e6 6. Nf3 Bb4 7. Bd3 dxc4 8. Bxc4 O-O 9. O-O b6 10. Bg5 Bb7 11.
Ne5 Nc6 12. Ng4 Be7 13. Bxf6 Bxf6 14. Nxf6+ Qxf6 15. d5 Na5 16. Qe2 Nxc4 17. Qxc4 exd5 18. Nxd5 Qe6 19. Ne3 Qxc4 20. Nxc4 Rac8 21. Ne3 Rfd8 22. Rfd1 f6 23. Kf1 g6 24. h4 h5 25. g3 Kf7 26.
Rxd8 Rxd8 27. Rc1 Rc8 28. Rd1 Bf3 29. Re1 Rd8 30. Nc4 b5 31. Na3 a6 32. Nb1 f5 33.
Rc1 Rd7 34. Ke1 Re7+ 35. Kf1 Rd7 36. Ke1 Re7+ 37. Kf1 Re2 38. Rc3 Rxb2 39. Rxf3 Rxb1+ 40. Kg2 b4 41. Rd3 Rb2 42. Rd7+ Kg8 43. Rd6 Rxa2 44. Rxg6+ Kf7 45. Rg5 b3 46. Rxf5+ Kg6 47. Rf3 b2 48. Rb3 a5 49. Rb6+ Kf7 50. g4 hxg4 51. h5 a4 52. h6 a3 53. Rb7+ Kg8 54. Rb6 Ra1 55. Rb8+ Kh7 56. Rb7+ Kxh6 57. Kg3 b1=Q 58.
Rxb1 Rxb1 59. Kxg4 a2 60. f3 a1=Q 61. Kg3 0-1

[Event "*** Titled Tuesday Blitz"]
[Site "Chess.com"]
[Date "2018.08.07"]
[Round "4"]
[White "ruvat"]
[Black "Mbneu"]
[Result "1-0"]
[WhiteElo "2266"]
[BlackElo "2282"]
[TimeControl "180+2"]
[EndTime "13:48:45 PDT"]
[Termination "ruvat won by resignation"]

1. d4 Nf6 2. c4 c5 3. d5 e6 4.
Nc3 exd5 5. cxd5 d6 6. g3 g6 7. Bg2 Bg7 8. Nf3 O-O 9. O-O a6 10. a4 Re8 11. Bf4 Qc7 12. Rc1 Nbd7 13. b4 Rb8 14.
Qb3 c4 15. Qc2 b5 16. axb5 axb5 17. Rfd1 Nh5 18. Bg5 Ne5 19. Nd4 Ng4 20. Ncxb5 Rxb5 21. Nxb5 Qb6 22. e4 Qxb5 23. Qxc4 Qb6 24. Rc2 Ba6 25.
Qc6 Qb5 26. Bf1 Qxc6 27. dxc6 Bxf1 28. Kxf1 Be5 29. h3 Ngf6 30. b5 Nxe4 31. c7 d5 32. Bd8 Nd6 33. Rxd5 Nc8 34. Re2 f6 35. Kg2 Kf7 36. f4 Bxf4 37. Rxe8 Kxe8 38. Rxh5 gxh5 39. gxf4 Kd7 40. Kg3 f5 41. Kh4 Nd6 42. b6 Kc6 43. Kxh5 Nc8 44. Kh6 Kxb6 45. Kxh7 Kc6 46. Kg6 Nd6 47.
h4 Kd7 48. h5 Ke6 49. h6 Nc8 50. h7 1-0

[Event "*** Titled Tuesday Blitz"]
[Site "Chess.com"]
[Date "2018.08.07"]
[Round "4"]
[White "sergeikim"]
[Black "Laico"]
[Result "1/2-1/2"]
[WhiteElo "2371"]
[BlackElo "2263"]
[TimeControl "180+2"]
[EndTime "13:48:46 PDT"]
[Termination "Game drawn by repetition"]

1. d4 e6 2. c4 f5 3. g3 Nf6 4.
Bg2 Be7 5. Nh3 O-O 6. O-O d5 7. Nd2 c6 8. Qc2 b6 9. Nf4 Bd6 10. Nf3 Ne4 11. Rb1 Qe7 12. Nd3 Ba6 13. b3 Nd7 14. Bf4 Rac8 15. Bxd6 Qxd6 16. Nf4 c5 17.
dxc5 bxc5 18. cxd5 exd5 19. Rfd1 Ndf6 20. Rbc1 Rfe8 21.
Qb2 d4 22. e3 d3 23. Bf1 Rcd8 24. Bxd3 Bxd3 25. Rxd3 Qa6 26. Rxd8 Rxd8 27. h3 g5 28. Ng2 g4 29. hxg4 fxg4 30. Nfh4 Rd2 31. Qe5 Rxf2 32.
Qb8+ Kg7 33. Qc7+ Kh6 34. Qf7 Qe2 35. Qf8+ Kh5 36. Qf7+ Kh6 37. Qf8+ Kh5 38. Qf7+ Kh6 39. Qf8+ Kh5 40. Qf7+ Kh6 41. Qf8+ 1/2-1/2

[Event "*** Titled Tuesday Blitz"]
[Site "Chess.com"]
[Date "2018.08.07"]
[Round "4"]
[White "AlanZhang"]
[Black "Makalexa"]
[Result "1-0"]
[WhiteElo "1944"]
[BlackElo "2056"]
[TimeControl "180+2"]
[EndTime "13:48:54 PDT"]
[Termination "AlanZhang won on time"]

1. e4 e5 2. Nf3 Nc6 3. Bb5 a6 4. Ba4 Nf6 5. O-O b5 6. Bb3 Be7 7. Re1 O-O 8. h3 d6 9. c3 Na5 10. Bc2 c5 11. d4 Nd7 12. Nbd2 exd4 13. cxd4 Bb7 14. Nf1 Re8 15. Ng3 g6 16. d5 Bf6 17.
Rb1 Ne5 18. Nxe5 Bxe5 19. f4 Bd4+ 20. Be3 Bxe3+ 21. Rxe3 Nc4 22. Re1 Qf6 23. Qc1 Qd4+ 24.
Kh2 Qd2 25. Qxd2 Nxd2 26. Rbd1 Nc4 27. b3 Na3 28. Bd3 c4 29. bxc4 bxc4 30. Be2 a5 31. Rc1 Ba6 32. Rc3 Nb5 33. Rxc4 h5 34. Rc6 Reb8 35.
Rb1 h4 36. Nf1 Nd4 37. Rxb8+ Rxb8 38. Bxa6 Nxc6 39. dxc6 Rb1 40. c7 Rc1 41. c8=Q+ Rxc8 42. Bxc8 1-0

[Event "*** Titled Tuesday Blitz"]
[Site "Chess.com"]
[Date "2018.08.07"]
[Round "4"]
[White "MarshKnight"]
[Black "chess4life23"]
[Result "0-1"]
[WhiteElo "2104"]
[BlackElo "2286"]
[TimeControl "180+2"]
[EndTime "13:48:59 PDT"]
[Termination "chess4life23 won by resignation"]

1. e4 c5 2. Nf3 d6 3. d4 cxd4 4. Nxd4 Nf6 5. Nc3 a6 6. Bg5 e6 7. Qf3 Nbd7 8. O-O-O Qc7 9. Qg3 h6 10.
Be3 b5 11. a3 Bb7 12. Bd3 Rc8 13. Rhe1 g5 14. h4 Rg8 15. hxg5 hxg5 16. Kb1 Be7 17. Qh2 d5 18. Qxc7 Rxc7 19. exd5 Nxd5 20. Nxd5 Bxd5 21. Nf3 g4 22. Nd4 Bxg2 23. Bf4 Rb7 24. a4 Nc5 25. axb5 Nxd3 26. Rxd3 axb5 27. Rg3 Bd5 28. f3 Bh4 29. Nf5 Bxg3 30. Nd6+ Kd7 31. Bxg3 gxf3 32. Nxb7 Rxg3 33. Nc5+ Kc6 34. Nd3 Kd6 35. b3 f5 36. Kc1 Be4 37. Nf2 Ke5 38. Nd3+ Kf6 39. Nf2 Rg2 40. Rf1 Kg5 41.
Kd2 Kf4 42. Ke1 Bxc2 43. Nh3+ Kg3 44. Ng1 Be4 45. b4 f2+ 46. Rxf2 Rxf2 47. Ne2+ Rxe2+ 0-1

[Event "*** Titled Tuesday Blitz"]
[Site "Chess.com"]
[Date "2018.08.07"]
[Round "4"]
[White "muran29"]
[Black "Tash_Boy"]
[Result "0-1"]
[WhiteElo "2339"]
[BlackElo "2573"]
[TimeControl "180+2"]
[EndTime "13:49:00 PDT"]
[Termination "Tash_Boy won by resignation"]

1. d4 Nf6 2. c4 c5 3. d5 b5 4. cxb5 a6 5. Nc3 axb5 6. e4 b4 7. Nb5 Nxe4 8. Qe2 e5 9. Qxe4 d6 10. g4 Qh4 11. Nc7+ Kd8 12. Nxa8 f5 13. Qe3 Be7 14.
gxf5 Bxf5 15. Nf3 Qh5 16. Ng5 Rf8 17. Ne6+ Bxe6 18. dxe6 Nc6 19. Be2 Qf5 20. Bd3 Qxe6 21. Rg1 Bh4 22. Rg2 Nd4 23. Bd2 d5 24. Rc1 Rf3 25.
Rxc5 Rxe3+ 26. Bxe3 Nf3+ 27. Ke2 d4 28. Bc4 Qf6 29.
Rd5+ Ke7 30. Bc1 e4 31. Rg4 Ng1+ 32. Kd1 Qf3+ 33. Kc2 Qxg4 34. Rxd4 Bxf2 35. Rd5 e3 36. Nb6 e2 37. Bg5+ Qxg5 38. Rxg5 e1=Q 39. Rxg7+ Kf6 40. Rf7+ Kg6 41. Nd5 Kxf7 42. Nxb4+ Kg7 43. Nd3 Qe3 0-1

[Event "*** Titled Tuesday Blitz"]
[Site "Chess.com"]
[Date "2018.08.07"]
[Round "4"]
[White "David_Klein"]
[Black "OparinGrigoriy"]
[Result "0-1"]
[WhiteElo "2512"]
[BlackElo "2877"]
[TimeControl "180+2"]
[EndTime "13:49:01 PDT"]
[Termination "OparinGrigoriy won by checkmate"]

1. b3 d5 2. Bb2 Bf5 3. Nf3 c6 4. e3 Nd7 5. c4 e6 6. Nc3 h6 7. Be2 Ngf6 8. O-O Bd6 9. Nd4 Bh7 10. cxd5 exd5 11. f4 Qe7 12. Kh1 Nc5 13. f5 Nce4 14. Nxe4 Nxe4 15. g3 O-O-O 16. Rc1 Kb8 17. Rxc6 h5 18.
Rc2 h4 19. g4 Bg8 20. f6 gxf6 21.
Nf5 Qd7 22. d3 Ng3+ 23. hxg3 hxg3+ 24. Kg1 g2 25. Kxg2 Rh2+ 26. Kg1 Bh7 27. Nxd6 Qxd6 28.
Rf4 Rh3 29. Bxf6 Re8 30. d4 Bxc2 31. Qxc2 Ka8 32. Be5 Qh6 33. Bf3 f6 34. Bxf6 Rg3+ 35. Kf2 Qh2+ 36. Kf1 Qxc2 37. Bxd5 a6 38. Be5 Qh2 39.
Rf7 Rg1# 0-1

[Event "*** Titled Tuesday Blitz"]
[Site "Chess.com"]
[Date "2018.08.07"]
[Round "4"]
[White "Alohamora11"]
[Black "ElHelvetico"]
[Result "0-1"]
[WhiteElo "2209"]
[BlackElo "2662"]
[TimeControl "180+2"]
[EndTime "13:49:03 PDT"]
[Termination "ElHelvetico won by resignation"]

1. e4 c5 2. Nf3 g6 3. c3 d5 4. d4 dxe4 5. Ng5 cxd4 6. cxd4 Bg7 7. Be3 Nf6 8. Nc3 O-O 9. Be2 Nc6 10. O-O h6 11.
Ngxe4 Nxe4 12. Nxe4 Nxd4 13. Bc4 Bf5 14. Bd3 Nc6 15. Nc5 Bxd3 16. Nxd3 Qd5 17. Nc5 Qxd1 18.
Rfxd1 b6 19. Nd3 Rfd8 20. Rac1 Rac8 21. b3 e5 22. h4 f5 23. g3 Kh7 24. Kg2 Rd6 25.
Rc4 Rcd8 26. Nb2 Rxd1 27. Nxd1 Na5 28. Rc1 e4 29. b4 Nb7 30. Rc7 Nd6 31. Nc3 Rc8 32.
Rxa7 Kg8 33. Nd5 Rc2 34. Bxb6 Nc4 35. Bc5 Be5 36. Ra8+ Kf7 37. Ra7+ Ke6 38. Re7+ Kxd5 39. Rh7 e3 40. Rxh6 Rxf2+ 41. Kg1 Rxa2 42. Bxe3 Nxe3 43.
Rxg6 Ke4 44. h5 Kf3 45. h6 Bxg3 46. Ra6 Rxa6 0-1

[Event "*** Titled Tuesday Blitz"]
[Site "Chess.com"]
[Date "2018.08.07"]
[Round "4"]
[White "MFBerna"]
[Black "Mikhail_Golubev"]
[Result "0-1"]
[WhiteElo "2280"]
[BlackElo "2427"]
[TimeControl "180+2"]
[EndTime "13:49:03 PDT"]
[Termination "Mikhail_Golubev won by resignation"]

1. e4 c5 2. Nf3 d6 3. d4 cxd4 4. Nxd4 Nf6 5. Nc3 g6 6. Be2 Bg7 7. O-O O-O 8. Re1 Nc6 9. Nb3 Be6 10. Bg5 d5 11. Bxf6 Bxf6 12. exd5 Bxc3 13. dxe6 Bxe1 14.
exf7+ Rxf7 15. Qxe1 Ne5 16. Rd1 Qb6 17. Rd5 Qe6 18.
Qd2 Raf8 19. Nc5 Qf5 20. f4 Qxf4 21. Qxf4 Rxf4 22. Rxe5 Rc8 23. Nd3 Ra4 24. c3 Kf7 25. a3 Kf6 26. Re3 Ra5 27. Bf3 b6 28. Nf4 Rcc5 29.
b4 Re5 30. Rd3 Rxa3 31. Nd5+ Kf7 32. h4 a5 33. bxa5 bxa5 34. Rd4 a4 35. Rf4+ Kg7 36.
Kh2 Ra1 37. Nb6 a3 38. Ra4 Rc5 39. Nc4 a2 40. Kg3 Rxc4 41. Rxc4 Rc1 42. Ra4 a1=Q 43.
Rxa1 Rxa1 44. c4 Kf6 45. Kf4 Rc1 46. Bd5 e6 0-1

[Event "*** Titled Tuesday Blitz"]
[Site "Chess.com"]
[Date "2018.08.07"]
[Round "4"]
[White "AquivaRubinstein"]
[Black "Angry_Twin"]
[Result "0-1"]
[WhiteElo "2400"]
[BlackElo "2632"]
[TimeControl "180+2"]
[EndTime "13:49:04 PDT"]
[Termination "Angry_Twin won by checkmate"]

1. d4 Nf6 2. c4 g6 3. Nc3 d5 4. cxd5 Nxd5 5. e4 Nxc3 6. bxc3 Bg7 7. Nf3 c5 8. Rb1 O-O 9. Be2 b6 10. O-O Bb7 11. Qd3 Nd7 12. d5 f5 13. exf5 Rxf5 14.
c4 e6 15. dxe6 Nf6 16. Bg5 Qe7 17. Qe3 Re8 18. Nh4 Rxg5 19. Qxg5 Qxe6 20. Rfe1 Ne4 21.
Qg4 Qxg4 22. Bxg4 Bd4 23. Re2 Rf8 24. Rf1 Rf4 25. h3 Ng3 26. Re7 Nxf1 27. Kxf1 Rxf2+ 28. Ke1 Bxg2 29. Nxg2 Rxg2 30. Rxa7 Kh8 31. Rb7 Rb2 32.
a4 Rb4 33. Bd7 Kg7 34. Kd2 Kf6 35. Bc6 h5 36. Bb5 Ke5 37. Rxb6 g5 38. Rh6 Rb2+ 39. Kd3 Rb3+ 40. Kd2 Rxh3 41. a5 Bc3+ 42. Kc2 Bxa5 43. Rg6 g4 44. Be8 Kf4 45. Rh6 h4 46. Bd7 Rh2+ 47.
Kd3 Rd2# 0-1

[Event "*** Titled Tuesday Blitz"]
[Site "Chess.com"]
[Date "2018.08.07"]
[Round "4"]
[White "Margency"]
[Black "ozates"]
[Result "1-0"]
[WhiteElo "2725"]
[BlackElo "2484"]
[TimeControl "180+2"]
[EndTime "13:49:07 PDT"]
[Termination "Margency won by resignation"]

1. e4 c5 2. Nf3 Nc6 3. Bb5 g6 4. Bxc6 bxc6 5. O-O Bg7 6. Re1 Nh6 7. c3 O-O 8. d4 cxd4 9. cxd4 d5 10. e5 f6 11. h3 Nf7 12. exf6 exf6 13. Nc3 g5 14. b3 g4 15. hxg4 Bxg4 16. Qd3 Qd7 17. Na4 Nd6 18. Nc5 Qf7 19. Bf4 Bf5 20. Qa6 Ne4 21. Nh4 Nxc5 22. dxc5 Bd7 23. Rad1 Rfe8 24. Qb7 Rxe1+ 25. Rxe1 Re8 26.
Rxe8+ Qxe8 27. Qxa7 Qe1+ 28. Kh2 Qxf2 29. Bg3 Qe3 30.
Qxd7 Qxc5 31. Qe8+ Bf8 32. Qe6+ Kg7 33. Nf5+ Kg6 34. Bd6 Bxd6+ 35. Nxd6 Qd4 36. Qg8+ Kh5 37.
Qxh7+ Kg5 38. Qf5+ Kh6 39. Qh3+ Kg6 40. Qg3+ Kh5 41.
Nf5 Qe4 42. Qf3+ Kg5 43. Qxe4 dxe4 44. Nd4 e3 45. Kg3 f5 46. Kf3 1-0

[Event "*** Titled Tuesday Blitz"]
[Site "Chess.com"]
[Date "2018.08.07"]
[Round "4"]
[White "Raja3401"]
[Black "Supernotar"]
[Result "1/2-1/2"]
[WhiteElo "2615"]
[BlackElo "2467"]
[TimeControl "180+2"]
[EndTime "13:49:13 PDT"]
[Termination "Game drawn by agreement"]

1. e4 c6 2. Nf3 d5 3. Nc3 Bg4 4.
h3 Bxf3 5. Qxf3 e6 6. d4 Nf6 7. Bd3 dxe4 8. Nxe4 Nxe4 9. Qxe4 Nd7 10. O-O Nf6 11. Qh4 Be7 12. c3 O-O 13. Bg5 g6 14.
Rfe1 Nd5 15. Bxe7 Qxe7 16. Qh6 Rfd8 17. Re5 Qf8 18. Qh4 Rd7 19. Rae1 Rad8 20. a3 b5 21. Bb1 a5 22. Qg4 a4 23. h4 Qg7 24. h5 Nf6 25. Qf3 Nd5 26. hxg6 hxg6 27. Qg4 Kf8 28. Qh4 Qf6 29.
Qh6+ Qg7 30. Qh3 Qf6 31. R1e4 Ke7 32. Rh4 Rd6 33. Rh7 Rg8 34. Qg4 Nf4 35. Re4 Nd5 36. Rh3 Rh8 37. Rf3 Qg7 38. Re5 Qh6 39. Qg5+ Qxg5 40. Rxg5 Rdd8 41. Be4 Rh6 42. g3 Rdh8 43. Rd3 Rh2 44. Bg2 R2h6 45. Re5 Kd6 46. Rd1 R8h7 47.
Rde1 Rh8 48. Bf3 R6h7 49. Bg2 Rh6 50. R5e4 R6h7 51. Re5 Rh6 52. R5e4 R6h7 1/2-1/2

[Event "*** Titled Tuesday Blitz"]
[Site "Chess.com"]
[Date "2018.08.07"]
[Round "4"]
[White "nihalsarin"]
[Black "LastHeroJr"]
[Result "1-0"]
[WhiteElo "2768"]
[BlackElo "2505"]
[TimeControl "180+2"]
[EndTime "13:49:13 PDT"]
[Termination "nihalsarin won on time"]

1. e4 d6 2. d3 Nf6 3. Nd2 g6 4. g3 Bg7 5. Bg2 O-O 6. Ngf3 c5 7. O-O Nc6 8. Re1 Nd7 9. c3 Rb8 10. h4 b5 11. a3 a5 12. h5 b4 13. axb4 axb4 14.
hxg6 hxg6 15. Qc2 bxc3 16. bxc3 Nb4 17. cxb4 Bxa1 18. Nb3 Bg7 19. bxc5 Nxc5 20. Nxc5 dxc5 21. Qxc5 Qxd3 22. Qxe7 Rb1 23. Qh4 Qc3 24. Bd2 Rxe1+ 25. Bxe1 Qc1 26. Qe7 Bg4 27. Qb4 Rc8 28. Kh2 Qh6+ 29.
Kg1 Qh5 30. Nh2 Bh3 31. Bxh3 Qxh3 32. Bd2 Rd8 33. Nf3 Ra8 34. Bc3 Bxc3 35. Qxc3 Rd8 36.
Qa1 Qg4 37. Qf6 Re8 38. Ng5 Qd7 39. e5 Qd1+ 40. Kh2 Rf8 41. e6 Qh5+ 42. Kg2 fxe6 43. Qxe6+ Kh8 44. Qe7 Rg8 45. Nf7+ Kg7 46. Ne5+ Kh8 47.
g4 1-0

[Event "*** Titled Tuesday Blitz"]
[Site "Chess.com"]
[Date "2018.08.07"]
[Round "4"]
[White "advantageLucy"]
[Black "jposthuma"]
[Result "0-1"]
[WhiteElo "2471"]
[BlackElo "2390"]
[TimeControl "180+2"]
[EndTime "13:49:15 PDT"]
[Termination "jposthuma won by resignation"]

1. e4 c6 2. d4 d5 3. e5 c5 4.
dxc5 Nc6 5. Nf3 Bg4 6. c3 e6 7. Be3 Nge7 8. Bd4 Nf5 9. Bb5 Qc7 10. h3 Bxf3 11. Qxf3 O-O-O 12. Bxc6 Qxc6 13. b4 Qb5 14. a3 Be7 15. Nd2 Nxd4 16. cxd4 f6 17. O-O-O fxe5 18. dxe5 Bg5 19. Qc3 Rhf8 20. f3 Rf4 21. Kb1 a5 22.
Nb3 axb4 23. Qd3 Rc4 24. Nd4 Rc1+ 25. Ka2 Qxd3 26. Rxd3 Rxh1 27. Nxe6 Be7 28. Nxd8 Bxd8 29. Rxd5 bxa3 30. Kxa3 Rg1 31. Rd2 Be7 32. Kb4 b6 33. Kb5 Bxc5 34. Kc6 Re1 35. Ra2 Kd8 36. f4 Ke8 37.
Kd5 Rd1+ 38. Ke6 Kd8 39. Ra8+ Kc7 40. Ra7+ Kc6 41. Rxg7 b5 42. f5 b4 43. Rg3 Re1 44.
Kf6 Bd4 45. Rd3 Bxe5+ 46. Kf7 Kc5 47. f6 Rf1 48. Ke6 Bxf6 49. Rd5+ Kc4 50. Rd7 b3 51.
Rc7+ Kd3 52. Rd7+ Kc2 53. Rc7+ Bc3 54. Rxh7 b2 55. Rb7 b1=Q 56. Rxb1 Rxb1 57. g4 Kd3 58. h4 Ke4 59. g5 Rb6+ 60. Kf7 Kf5 61. Kg8 Kg6 62.
h5+ Kxh5 63. g6 Kxg6 64. Kf8 Rb7 0-1

[Event "*** Titled Tuesday Blitz"]
[Site "Chess.com"]
[Date "2018.08.07"]
[Round "4"]
[White "murmah2003"]
[Black "hypert"]
[Result "1-0"]
[WhiteElo "2567"]
[BlackElo "2337"]
[TimeControl "180+2"]
[EndTime "13:49:17 PDT"]
[Termination "murmah2003 won on time"]

1. d4 Nf6 2. c4 e6 3. Nf3 d5 4. Nc3 Bb4 5. cxd5 exd5 6. Bg5 h6 7. Bh4 g5 8. Bg3 Ne4 9. Nd2 Nxg3 10.
hxg3 Be6 11. e3 Nd7 12. Bd3 Nb6 13. Rc1 c6 14. a3 Bf8 15. Qh5 Bg7 16. Nf3 Qf6 17. Ne5 O-O-O 18. Ne2 Nd7 19. Nxd7 Bxd7 20. g4 Rhf8 21. Ng3 Qe7 22. O-O Kb8 23. Bf5 Be8 24. Qh2 Ka8 25. Nh5 Bh8 26. b4 f6 27.
Rb1 Qd6 28. Qh3 Bxh5 29. gxh5 Bg7 30. g4 Rfe8 31. Rfc1 Bf8 32. a4 Re7 33. Qf1 Rc7 34.
b5 cxb5 35. Rxc7 Qxc7 36. Qxb5 Bd6 37. Qb2 Qe7 38. Kg2 Bb8 39. a5 1-0

[Event "*** Titled Tuesday Blitz"]
[Site "Chess.com"]
[Date "2018.08.07"]
[Round "4"]
[White "tomsishere"]
[Black "Kimster98"]
[Result "0-1"]
[WhiteElo "2367"]
[BlackElo "2501"]
[TimeControl "180+2"]
[EndTime "13:49:23 PDT"]
[Termination "Kimster98 won by resignation"]

1. e4 d6 2. d4 Nf6 3. Nc3 c6 4. f4 Qa5 5. Bd3 e5 6. Nf3 exd4 7. Nxd4 g6 8. h3 Bg7 9. Be3 Nbd7 10. O-O O-O 11.
Qf3 Nc5 12. Nb3 Nxb3 13. axb3 Qc7 14. Rae1 Nd7 15. e5 dxe5 16. f5 Nf6 17. Ne4 Nxe4 18.
Bxe4 Bxf5 19. Bxf5 gxf5 20. Qxf5 Qc8 21. Qh5 f5 22. Bh6 Qe6 23. Bxg7 Kxg7 24. Rf3 Kh8 25. g4 fxg4 26. Rxf8+ Rxf8 27. Qxe5+ Qxe5 28. Rxe5 gxh3 29. Re7 h2+ 30. Kxh2 Rf2+ 31. Kg3 Rxc2 32. Rxb7 Rxb2 33. Kf4 a5 34. Rc7 Rxb3 35. Rxc6 Kg7 36. Rc5 a4 37. Ra5 a3 38. Kg5 Rg3+ 39. Kh5 Kf6 40. Kh4 Rb3 41. Kg4 Ke6 42. Kf4 Kd6 43. Kg4 Kc6 44. Kf4 Kb6 45. Ra8 Kc5 46. Ke4 Rg3 47. Rc8+ Kb4 48.
Rb8+ Kc3 49. Kf4 Rh3 50. Ra8 Kb2 51. Rb8+ Rb3 52. Ra8 a2 0-1

[Event "*** Titled Tuesday Blitz"]
[Site "Chess.com"]
[Date "2018.08.07"]
[Round "4"]
[White "Antifish7"]
[Black "dmosesov"]
[Result "1-0"]
[WhiteElo "2416"]
[BlackElo "2250"]
[TimeControl "180+2"]
[EndTime "13:49:27 PDT"]
[Termination "Antifish7 won by resignation"]

1. d4 Nf6 2. c4 e6 3. Nf3 d5 4.
Nc3 Be7 5. Bg5 O-O 6. e3 Nbd7 7. Rc1 dxc4 8. Bxc4 a6 9. Be2 c5 10. O-O cxd4 11.
Qxd4 Nc5 12. Bxf6 gxf6 13. Qg4+ Kh8 14. Rfd1 Qb6 15. b4 Nd7 16. Qh5 Qxb4 17. Rd4 Qc5 18. Qh6 f5 19. Rc4 Qa3 20. Rd1 b5 21. Rc7 Qa5 22. Rc6 Rg8 23. h3 Nf6 24. Ne5 Rg7 25.
Bf3 b4 26. Nc4 Qd8 27. Rxd8+ Bxd8 28. Ne2 Bb7 29. Nd4 Bxc6 30. Nxc6 Ng8 31. Qf4 Bg5 32. Qe5 Rc8 33. Nd6 Bf6 34. Qc5 Rc7 35. Qb6 Rd7 36. Nb8 Bd8 37. Qxa6 Rc7 38. Nc6 Be7 39. Ne8 Rd7 40.
Nxg7 Kxg7 41. Qc4 Nf6 42. Ne5 Rd2 43. Qh4 Rxa2 44. Qg5+ Kf8 45. Qh6+ Ke8 46. Bh5 Ra1+ 47. Kh2 Nxh5 48. Qxh5 Ra7 49. Qxf7+ Kd8 50. Nc6+ 1-0

[Event "*** Titled Tuesday Blitz"]
[Site "Chess.com"]
[Date "2018.08.07"]
[Round "4"]
[White "penguingm1"]
[Black "djamir"]
[Result "1-0"]
[WhiteElo "2827"]
[BlackElo "2648"]
[TimeControl "180+2"]
[EndTime "13:49:28 PDT"]
[Termination "penguingm1 won by resignation"]

1. d4 d6 2. c4 e5 3. Nf3 Nd7 4. Nc3 Ngf6 5. e4 Be7 6. d5 Nc5 7. Bd3 O-O 8. Bc2 a5 9. h3 b6 10. Be3 Bd7 11. a3 g6 12. g4 Ne8 13. b4 Na6 14. Rb1 Ng7 15. Bh6 Kh8 16. Qd2 f5 17. Ke2 fxg4 18. hxg4 Rf7 19. Rbg1 axb4 20. axb4 Nxb4 21.
Bb1 Qf8 22. Rh3 Kg8 23. Rg2 Na6 24. Ng5 Bxg5 25. Qxg5 Nc5 26. Qh4 Nb3 27. Be3 Ne8 28. Rgh2 Qg7 29. Bh6 Qh8 30. Bg5 Nd4+ 31. Kd3 Ra3 32.
Bc1 Ra5 33. Rh1 Qf6 34. Bg5 Qh8 35. Be3 Ra3 36. Bc1 Rxc3+ 37. Kxc3 Ne2+ 38. Kd2 Nxc1 39. Kxc1 Qf6 40. g5 Qf4+ 41. Qxf4 exf4 42. Rh4 f3 43. Kd2 b5 44. Bd3 bxc4 45. Bxc4 h5 46. gxh6 Kh7 47. Ke3 Re7 48. Rf4 g5 49. Rxf3 Bg4 50. Rf8 Bd7 51. Bd3 Re5 52. Rf7+ 1-0

[Event "*** Titled Tuesday Blitz"]
[Site "Chess.com"]
[Date "2018.08.07"]
[Round "4"]
[White "platy3"]
[Black "GMKrikor"]
[Result "1-0"]
[WhiteElo "2732"]
[BlackElo "2778"]
[TimeControl "180+2"]
[EndTime "13:49:33 PDT"]
[Termination "platy3 won on time"]

1. e4 c5 2. Nf3 g6 3. d4 cxd4 4. Nxd4 Nc6 5. c4 Nf6 6. Nc3 d6 7. Be2 Nxd4 8. Qxd4 Bg7 9. Be3 O-O 10. Qd2 a5 11. f3 a4 12. Kf2 Be6 13.
Rac1 Qa5 14. Rhd1 Rfc8 15. Nb5 Qxd2 16. Rxd2 Nd7 17. Nd4 Nc5 18. Nxe6 fxe6 19. g3 b5 20. Bf1 b4 21. Bh3 Kf7 22. Rb1 b3 23. a3 Nd7 24.
Rc1 Rc7 25. f4 Rac8 26. Bf1 Nc5 27. Kf3 Rc6 28. h4 Nb7 29. c5 Nxc5 30. Bb5 R6c7 31.
Bxc5 Rxc5 32. Rxc5 Rxc5 33. Bxa4 Rc2 34. Rxc2 bxc2 35.
Bxc2 Bxb2 36. a4 Bc3 37. Bb3 h5 38. Ke3 Kf6 39. Ke2 Ba5 40. Kf3 Be1 41. Bc4 Bb4 42. Kf2 Bc3 43. Ke2 Bb4 44. Ba2 Ba5 45. Kd3 Be1 46.
Ke2 Bxg3 47. a5 Bh2 48. Kf2 e5 49. a6 1-0

[Event "*** Titled Tuesday Blitz"]
[Site "Chess.com"]
[Date "2018.08.07"]
[Round "4"]
[White "NemtsevIgor"]
[Black "kikydu96"]
[Result "0-1"]
[WhiteElo "2382"]
[BlackElo "2450"]
[TimeControl "180+2"]
[EndTime "13:49:38 PDT"]
[Termination "kikydu96 won by checkmate"]

1. d4 d5 2. Bf4 Nf6 3. Nf3 c5 4. e3 Nc6 5. c3 Qb6 6. Qb3 c4 7. Qc2 Bf5 8. Qc1 e6 9. Nbd2 Nh5 10. Be5 f6 11. Bg3 Nxg3 12. hxg3 h6 13. Be2 Bd6 14. O-O O-O-O 15. b3 cxb3 16. axb3 Kb8 17. c4 Bb4 18.
c5 Qc7 19. Ra4 a5 20. Bb5 e5 21. Bxc6 bxc6 22. dxe5 fxe5 23. Ne1 h5 24. Nc2 Bxc2 25. Qxc2 h4 26. g4 h3 27. g3 h2+ 28. Kh1 Qf7 29.
f4 d4 30. e4 d3 31. Rxb4+ axb4 32. Qb2 Qd7 33. Qxe5+ Kb7 34. Nc4 Qc7 35. Nd6+ Kb8 36. Qd4 Qb7 37. Qxd3 Qa7 38. Qc4 Qa3 39. Qf7 Qa6 40.
Re1 Rh3 41. Qe7 Rdh8 42. Nc4 Rxg3 43. Qxg7 Rg1+ 44. Rxg1 hxg1=Q+ 45. Kxg1 Rd8 46. Qe7 Qa1+ 47. Kg2 Qa2+ 48. Kg3 Rh8 49. Qd6+ Kb7 50. Na5+ Qxa5 51.
Qd7+ Qc7 52. Qd4 Qh7 53. Qxb4+ Kc8 54. f5 Qh2+ 55. Kf3 Rh3# 0-1